Bruins vs Canadiens

Created - April-22-13 at 17:35

Goals
1 2 3 T
Bruins 1 0 1 2
Canadiens 1 1 1 3
Shots
1 2 3 T
Bruins 7 5 11 23
Canadiens 4 5 16 25

1st period

1. Canadiens , Dustin Byfuglien 1 (Dennis Wideman, Jonathan Toews) at 13:20 (PP)
2. Bruins , Chris Kelly 2 (Zdeno Chara, Tyler Seguin) at 14:00

Penalties :
Tyler Seguin (BOS) for Roughing (Minor) at 13:16, Travis Hamonic (MTL) for Roughing (Minor) at 18:07

2nd period

3. Canadiens , Jonathan Toews 1 (Travis Hamonic) at 13:50

Penalties :
Andrei Kostitsyn (MTL) for Elbowing (Minor) at 5:50, Tobias Enstrom (BOS) for Hooking (Minor) at 5:50, Nathan Horton (BOS) for High sticking (Minor) at 6:34, Patrice Bergeron (BOS) for Boarding (Minor) at 16:38

3rd period

4. Canadiens , Derek Morris 1 (Mason Raymond, Kevin Klein) at 16:43
5. Bruins , Nathan Horton 2 (Milan Lucic) at 19:29

Penalties :
Dustin Byfuglien (MTL) for Delaying the game (Minor) at 1:04, Dennis Seidenberg (BOS) for Holding (Minor) at 4:23, Dennis Seidenberg (BOS) for Hooking (Minor) at 7:37, Alec Martinez (MTL) for Interference (Minor) at 10:04, Chris Kelly (BOS) for High sticking (Minor) at 12:15, Travis Hamonic (MTL) for Holding Stick (Minor) at 19:44

Goalie Stats

Tuukka Rask (BOS), 22 saves from 25 shots - (0.880), L, 0-1-0, 59:33 minutes
Cam Ward (MTL), 21 saves from 23 shots - (0.913), W, 3-1-0, 60:00 minutes

Players Stats for Bruins

Player Name              G  A  P  +/- PIM S  H  SB GA TA FO     MP     PP MP  PK MP  
------------------------------------------------------------------------------------
Brad Marchand            0  0  0   0  0   1  7  0  0  0  1/2    19:44   2:42   2:44 
Chris Kelly              1  0  1   1  2   2  2  0  0  0  10/18  14:49   0:22   3:26 
Clarke MacArthur         0  0  0   1  0   0  2  0  0  0  0/1    12:11   0:00   0:30 
Cody Franson             0  0  0  -1  0   0  1  0  0  0  0/0    17:44   2:56   3:38 
David Krejci             0  0  0  -1  0   2  0  0  0  0  4/12   11:00   0:00   1:32 
David Schlemko           0  0  0   0  0   0  1  3  0  0  0/0     7:34   0:00   3:21 
Dennis Seidenberg        0  0  0   0  4   1  3  1  0  0  0/0    21:43   0:00   2:40 
Evander Kane             0  0  0  -2  0   2  2  0  0  0  0/0    15:26   3:30   0:00 
Milan Lucic              0  1  1  -1  0   0  0  0  0  0  0/1    17:09   0:00   0:00 
Nathan Horton            1  0  1   1  2   1  1  0  0  0  0/0     9:23   3:30   0:00 
Oliver Ekman-Larsson     0  0  0   0  0   0  2  1  0  0  0/0    17:29   3:16   0:10 
Patrice Bergeron         0  0  0   0  2   3  1  0  0  0  11/24  20:19   2:50   1:57 
Rich Peverley            0  0  0  -1  0   3  0  0  0  0  0/3    24:40   2:42   5:50 
Ryan Nugent-Hopkins      0  0  0   1  0   2  0  1  0  0  5/17   12:01   3:00   2:44 
Tobias Enstrom           0  0  0  -1  2   0  0  0  0  0  0/0    11:09   0:00   0:00 
Tyler Seguin             0  1  1   1  2   1  0  0  0  0  1/1    11:16   0:00   0:00 
Zach Bogosian            0  0  0   1  0   1  1  2  0  0  0/0    20:49   3:16   3:59 
Zdeno Chara              0  1  1   1  0   4  3  3  0  0  0/0    23:29   2:56   6:10 

Players Stats for Canadiens

Player Name              G  A  P  +/- PIM S  H  SB GA TA FO     MP     PP MP  PK MP  
------------------------------------------------------------------------------------
Alec Martinez            0  0  0   0  2   1  0  0  0  0  0/0    10:11   3:17   1:35 
Andrei Kostitsyn         0  0  0   1  2   0  2  0  0  0  0/0    13:46   0:00   0:00 
Andy McDonald            0  0  0  -1  0   2  0  0  0  0  0/0    19:16   4:29   0:00 
Blake Wheeler            0  0  0  -1  0   0  1  0  0  0  0/1    17:47   4:29   0:00 
Boyd Gordon              0  0  0   0  0   0  2  0  0  0  10/11   6:52   0:00   3:41 
Brad Richards            0  0  0   1  0   2  0  0  0  0  11/17  17:32   0:00   2:31 
Dennis Wideman           0  1  1  -2  0   6  1  0  0  0  0/0    19:49   5:27   0:00 
Derek Morris             1  0  1   1  0   1  1  1  0  0  0/0    15:05   0:00   2:42 
Dustin Byfuglien         1  0  1   1  2   3  0  0  0  0  0/0    18:25   5:27   0:00 
John Mitchell            0  0  0   0  0   0  0  0  0  0  0/0     2:56   0:00   0:00 
Jonathan Toews           1  1  2   0  0   4  0  1  0  0  14/28  17:19   4:15   0:00 
Jordan Eberle            0  0  0   0  0   0  2  0  0  0  0/0    20:45   4:15   0:00 
Kevin Klein              0  1  1   1  0   0  0  1  0  0  0/0    15:05   0:00   2:57 
Logan Couture            0  0  0   0  0   0  2  0  0  0  0/2    21:08   4:15   3:34 
Marc-Edouard Vlasic      0  0  0  -2  0   0  1  1  0  0  0/0    17:07   0:00   3:30 
Mason Raymond            0  1  1   1  0   2  0  0  0  0  0/0    13:32   0:00   0:00 
Pavel Datsyuk            0  0  0  -1  0   2  1  0  0  0  12/20  20:55   4:29   2:38 
Travis Hamonic           0  1  1   1  4   2  2  0  0  0  0/0    24:14   3:17   1:40 

3 Stars

1 - Jonathan Toews (MTL)
2 - Derek Morris (MTL)
3 - Zdeno Chara (BOS)

Power Play

Bruins - 0 on 4 Attempt(s) - 0.00%
Canadiens - 1 on 6 Attempt(s) - 16.67%

Penalty Kill

Bruins - 5 on 6 Attempt(s) - 83.33% - Score 0 goal in Penalty Kill
Canadiens - 4 on 4 Attempt(s) - 100.00% - Score 0 goal in Penalty Kill

Official

Referees : Don VanMassenhoven and Dave Jackson
Linesman : Brad Lazarowich and Don Henderson

Game Notes

David Krejci is injured at 13:12 of 3rd period (Bruised Right Arm)

Finance

Level 1 -- Attendance: 6500 (100.00%) -- Ticket Income $650,000
Level 2 -- Attendance: 5000 (100.00%) -- Ticket Income $300,000
Level 3 -- Attendance: 3500 (100.00%) -- Ticket Income $122,500
Level 4 -- Attendance: 3444 (65.31%) -- Ticket Income $51,660
Luxury Box -- Attendance: 1000 (100.00%) -- Ticket Income $175,000
Game was played at the Bell Centre
Total Attendance: 19444 (91.40%)
Total Ticket Income: $1,299,160
Other Income: $194,874
Total Income: $1,494,034


% Time on Ice - Bruins

Lines # - Real PCT - Wanted PCT - Time Play
Normal Forward
1 - 33% - 40% - 14:18
2 - 27% - 30% - 11:41
3 - 14% - 20% - 5:49
4 - 26% - 10% - 11:02
Normal Defense
1 - 31% - 35% - 13:29
2 - 33% - 35% - 14:03
3 - 26% - 25% - 11:10
4 - 10% - 5% - 4:08
PP Forward
1 - 44% - 60% - 2:42
2 - 56% - 40% - 3:30
PP Defense
1 - 47% - 60% - 2:56
2 - 53% - 40% - 3:16
PK Forward
1 - 69% - 60% - 6:00
2 - 31% - 40% - 2:44
PK Defense
1 - 68% - 60% - 5:57
2 - 32% - 40% - 2:47
PK3 Forward
1 - 73% - 60% - 0:55
2 - 27% - 40% - 0:20
PK3 Defense
1 - 49% - 60% - 0:37
2 - 51% - 40% - 0:38
44 Forward
1 - 89% - 60% - 0:39
2 - 11% - 40% - 0:05
44 Defense
1 - 89% - 60% - 0:39
2 - 11% - 40% - 0:05
Last Minute Offensive  - 0:15
Last Minute Defensive  - 0:00
Total
Forward - 60:00
Defense - 60:00

% Time on Ice - Canadiens

Lines # - Real PCT - Wanted PCT - Time Play
Normal Forward
1 - 31% - 30% - 13:04
2 - 31% - 30% - 13:18
3 - 32% - 30% - 13:32
4 - 7% - 10% - 2:56
Normal Defense
1 - 32% - 30% - 13:37
2 - 30% - 30% - 12:59
3 - 25% - 25% - 10:54
4 - 12% - 15% - 5:20
PP Forward
1 - 49% - 50% - 4:15
2 - 51% - 50% - 4:29
PP Defense
1 - 62% - 50% - 5:27
2 - 38% - 50% - 3:17
PK Forward
1 - 77% - 60% - 4:45
2 - 23% - 40% - 1:27
PK Defense
1 - 56% - 60% - 3:30
2 - 44% - 40% - 2:42
PK3 Forward
1 - 0% - 60%
2 - 0% - 40%
PK3 Defense
1 - 0% - 60%
2 - 0% - 40%
44 Forward
1 - 75% - 60% - 1:29
2 - 25% - 40% - 0:30
44 Defense
1 - 38% - 60% - 0:45
2 - 62% - 40% - 1:14
Last Minute Offensive  - 0:00
Last Minute Defensive  - 0:15
Total
Forward - 60:00
Defense - 60:00

Play by Play

1st period


0:01 of 1st period - Patrice Bergeron wins face-off versus Jonathan Toews in neutral zone.
0:15 of 1st period - Off-side.
0:16 of 1st period - Pavel Datsyuk wins face-off versus David Krejci in neutral zone.
1:06 of 1st period - Icing by Oliver Ekman-Larsson.
1:07 of 1st period - David Krejci wins face-off versus Brad Richards in Bruins zone.
2:01 of 1st period - Icing by Cody Franson.
2:02 of 1st period - Patrice Bergeron wins face-off versus Jonathan Toews in Bruins zone.
2:42 of 1st period - Shot by Jonathan Toews.
2:42 of 1st period - Shot Misses the Net.
3:50 of 1st period - David Schlemko is hit by Andrei Kostitsyn and loses puck.
5:39 of 1st period - Shot by Pavel Datsyuk.
5:39 of 1st period - Shot Blocked by Zdeno Chara.
5:41 of 1st period - Shot by Pavel Datsyuk.
5:41 of 1st period - Shot Blocked by Zach Bogosian.
5:43 of 1st period - Shot by Pavel Datsyuk.
5:43 of 1st period - Deflect By Andy McDonald.
5:43 of 1st period - Shot Misses the Net.
5:59 of 1st period - Pavel Datsyuk is hit by Zdeno Chara.
6:12 of 1st period - Off-side.
6:13 of 1st period - David Krejci wins face-off versus Brad Richards in neutral zone.
6:49 of 1st period - Shot by Mason Raymond.
6:49 of 1st period - Shot Misses the Net.
7:46 of 1st period - Shot by Brad Marchand.
7:46 of 1st period - Stopped by Cam Ward without a rebound.
7:47 of 1st period - Pavel Datsyuk wins face-off versus Patrice Bergeron in Canadiens zone.
8:39 of 1st period - Pavel Datsyuk is hit by Brad Marchand and loses puck.
9:29 of 1st period - Jonathan Toews is hit by Dennis Seidenberg and loses puck.
9:35 of 1st period - Icing by Oliver Ekman-Larsson.
9:36 of 1st period - Brad Richards wins face-off versus David Krejci in Bruins zone.
10:10 of 1st period - Kevin Klein is hit by Zach Bogosian and loses puck.
10:23 of 1st period - Shot by Tyler Seguin.
10:23 of 1st period - Shot Misses the Net.
11:02 of 1st period - Shot by Rich Peverley.
11:02 of 1st period - Stopped by Cam Ward without a rebound.
11:03 of 1st period - Ryan Nugent-Hopkins wins face-off versus Jonathan Toews in Canadiens zone.
12:35 of 1st period - Shot by Pavel Datsyuk.
12:35 of 1st period - Shot Hit the Post.
12:39 of 1st period - Shot by Pavel Datsyuk.
12:39 of 1st period - Stopped by Tuukka Rask with a rebound.
12:58 of 1st period - Icing by Brad Marchand.
12:59 of 1st period - Boyd Gordon wins face-off versus Patrice Bergeron in Bruins zone.
13:14 of 1st period - Icing by John Mitchell.
13:15 of 1st period - Boyd Gordon wins face-off versus Chris Kelly in Canadiens zone.
13:15 of 1st period - Boyd Gordon is hit by Chris Kelly.
13:16 of 1st period - Minor Penalty to Tyler Seguin for Roughing.
13:17 of 1st period - Jonathan Toews wins face-off versus Chris Kelly in Bruins zone.
13:20 of 1st period - Shot by Dustin Byfuglien.
13:20 of 1st period - Goal by Dustin Byfuglien - Bruins : 0 - Canadiens : 1.
13:21 of 1st period - Brad Richards wins face-off versus David Krejci in neutral zone.
13:26 of 1st period - Shot by Andrei Kostitsyn.
13:26 of 1st period - Shot Hit the Post.
13:28 of 1st period - Shot by Dennis Wideman.
13:28 of 1st period - Stopped by Tuukka Rask without a rebound.
13:29 of 1st period - Brad Richards wins face-off versus David Krejci in Bruins zone.
13:52 of 1st period - Shot by Evander Kane.
13:52 of 1st period - Stopped by Cam Ward without a rebound.
13:53 of 1st period - Chris Kelly wins face-off versus Jonathan Toews in Canadiens zone.
14:00 of 1st period - Shot by Chris Kelly.
14:00 of 1st period - Goal by Chris Kelly - Bruins : 1 - Canadiens : 1.
14:01 of 1st period - Jonathan Toews wins face-off versus Ryan Nugent-Hopkins in neutral zone.
14:10 of 1st period - Shot by Jonathan Toews.
14:10 of 1st period - Stopped by Tuukka Rask without a rebound.
14:11 of 1st period - Jonathan Toews wins face-off versus Patrice Bergeron in Bruins zone.
14:42 of 1st period - Jonathan Toews is hit by Brad Marchand and loses puck.
15:24 of 1st period - Icing by Travis Hamonic.
15:25 of 1st period - Jonathan Toews wins face-off versus Chris Kelly in Canadiens zone.
17:32 of 1st period - Ryan Nugent-Hopkins is hit by Travis Hamonic and loses puck.
17:51 of 1st period - Travis Hamonic is hit by Oliver Ekman-Larsson and loses puck.
18:07 of 1st period - Minor Penalty to Travis Hamonic for Roughing.
18:08 of 1st period - Boyd Gordon wins face-off versus Patrice Bergeron in Canadiens zone.
18:32 of 1st period - Shot by Oliver Ekman-Larsson.
18:32 of 1st period - Shot Hit the Post.
18:34 of 1st period - Shot by Patrice Bergeron.
18:34 of 1st period - Stopped by Cam Ward without a rebound.
18:35 of 1st period - Boyd Gordon wins face-off versus Ryan Nugent-Hopkins in Canadiens zone.
18:35 of 1st period - Boyd Gordon is hit by Brad Marchand.
18:49 of 1st period - Boyd Gordon is hit by Brad Marchand.
18:55 of 1st period - Shot by Rich Peverley.
18:55 of 1st period - Shot Misses the Net.
18:57 of 1st period - Shot by Rich Peverley.
18:57 of 1st period - Stopped by Cam Ward with a rebound.
19:40 of 1st period - Shot by Patrice Bergeron.
19:40 of 1st period - Stopped by Cam Ward without a rebound.
19:41 of 1st period - Boyd Gordon wins face-off versus Ryan Nugent-Hopkins in Canadiens zone.

2nd period


0:01 of 2nd period - Boyd Gordon wins face-off versus Ryan Nugent-Hopkins in neutral zone.
0:09 of 2nd period - Dennis Seidenberg is hit by Travis Hamonic.
0:45 of 2nd period - Shot by Pavel Datsyuk.
0:45 of 2nd period - Shot Misses the Net.
1:15 of 2nd period - Shot by Jonathan Toews.
1:15 of 2nd period - Stopped by Tuukka Rask without a rebound.
1:16 of 2nd period - Brad Richards wins face-off versus Patrice Bergeron in Bruins zone.
1:16 of 2nd period - Brad Richards is hit by Zdeno Chara.
1:55 of 2nd period - Shot by Andrei Kostitsyn.
1:55 of 2nd period - Deflect By Mason Raymond.
1:55 of 2nd period - Stopped by Tuukka Rask with a rebound.
2:22 of 2nd period - Clarke MacArthur is hit by Dennis Wideman and loses puck.
2:43 of 2nd period - Chris Kelly is hit by Jordan Eberle and loses puck.
3:04 of 2nd period - Icing by Nathan Horton.
3:05 of 2nd period - Pavel Datsyuk wins face-off versus Ryan Nugent-Hopkins in Bruins zone.
3:11 of 2nd period - Blake Wheeler is hit by Dennis Seidenberg and loses puck.
3:27 of 2nd period - Icing by Travis Hamonic.
3:28 of 2nd period - Patrice Bergeron wins face-off versus Pavel Datsyuk in Canadiens zone.
4:15 of 2nd period - Icing by Rich Peverley.
4:16 of 2nd period - Patrice Bergeron wins face-off versus Jonathan Toews in Bruins zone.
5:02 of 2nd period - Marc-Edouard Vlasic is hit by Evander Kane and loses puck.
5:33 of 2nd period - Shot by Tyler Seguin.
5:33 of 2nd period - Shot Misses the Net.
5:50 of 2nd period - Minor Penalty to Andrei Kostitsyn for Elbowing.
5:50 of 2nd period - Minor Penalty to Tobias Enstrom for Hooking.
5:51 of 2nd period - Brad Richards wins face-off versus Patrice Bergeron in Bruins zone.
5:56 of 2nd period - Shot by Andy McDonald.
5:56 of 2nd period - Shot Misses the Net.
6:32 of 2nd period - Icing by Andy McDonald.
6:33 of 2nd period - Brad Richards wins face-off versus Ryan Nugent-Hopkins in Canadiens zone.
6:33 of 2nd period - Brad Richards is hit by Nathan Horton.
6:34 of 2nd period - Minor Penalty to Nathan Horton for High sticking.
6:35 of 2nd period - Brad Richards wins face-off versus Patrice Bergeron in Bruins zone.
6:55 of 2nd period - Icing by Brad Richards.
6:56 of 2nd period - Brad Richards wins face-off versus Patrice Bergeron in Canadiens zone.
7:37 of 2nd period - Shot by Jordan Eberle.
7:37 of 2nd period - Shot Misses the Net.
8:15 of 2nd period - Shot by Dustin Byfuglien.
8:15 of 2nd period - Shot Blocked by David Schlemko.
8:17 of 2nd period - Shot by Dennis Wideman.
8:17 of 2nd period - Shot Misses the Net.
8:19 of 2nd period - Shot by Dennis Wideman.
8:19 of 2nd period - Shot Blocked by David Schlemko.
8:52 of 2nd period - Off-side.
8:53 of 2nd period - Pavel Datsyuk wins face-off versus Milan Lucic in neutral zone.
9:05 of 2nd period - Icing by Kevin Klein.
9:06 of 2nd period - Pavel Datsyuk wins face-off versus Ryan Nugent-Hopkins in Canadiens zone.
9:24 of 2nd period - Icing by Ryan Nugent-Hopkins.
9:25 of 2nd period - Brad Richards wins face-off versus Ryan Nugent-Hopkins in Bruins zone.
9:25 of 2nd period - Brad Richards is hit by Dennis Seidenberg.
9:29 of 2nd period - Shot by Brad Richards.
9:29 of 2nd period - Shot Blocked by Oliver Ekman-Larsson.
9:47 of 2nd period - Shot by Nathan Horton.
9:47 of 2nd period - Shot Misses the Net.
9:49 of 2nd period - Shot by Ryan Nugent-Hopkins.
9:49 of 2nd period - Stopped by Cam Ward without a rebound.
9:50 of 2nd period - Jonathan Toews wins face-off versus Rich Peverley in Canadiens zone.
9:50 of 2nd period - Jonathan Toews is hit by Brad Marchand.
9:56 of 2nd period - Shot by Jordan Eberle.
9:56 of 2nd period - Shot Misses the Net.
9:58 of 2nd period - Shot by Dennis Wideman.
9:58 of 2nd period - Stopped by Tuukka Rask without a rebound.
9:59 of 2nd period - Patrice Bergeron wins face-off versus Jonathan Toews in Bruins zone.
10:03 of 2nd period - Icing by Rich Peverley.
10:04 of 2nd period - Patrice Bergeron wins face-off versus Jonathan Toews in Bruins zone.
10:04 of 2nd period - Rich Peverley is hit by Logan Couture.
10:30 of 2nd period - Shot by Rich Peverley.
10:30 of 2nd period - Shot Blocked by Jonathan Toews.
12:20 of 2nd period - Shot by Clarke MacArthur.
12:20 of 2nd period - Shot Blocked by Marc-Edouard Vlasic.
13:45 of 2nd period - Shot by Pavel Datsyuk.
13:45 of 2nd period - Stopped by Tuukka Rask without a rebound.
13:46 of 2nd period - Jonathan Toews wins face-off versus David Krejci in Bruins zone.
13:46 of 2nd period - Jonathan Toews is hit by Cody Franson.
13:50 of 2nd period - Shot by Jonathan Toews.
13:50 of 2nd period - Goal by Jonathan Toews - Bruins : 1 - Canadiens : 2.
13:51 of 2nd period - Jonathan Toews wins face-off versus Chris Kelly in neutral zone.
13:51 of 2nd period - Jordan Eberle is hit by Chris Kelly and loses puck.
14:12 of 2nd period - Shot by Tyler Seguin.
14:12 of 2nd period - Stopped by Cam Ward with a rebound.
14:14 of 2nd period - Shot by Chris Kelly.
14:14 of 2nd period - Shot Hit the Post.
14:16 of 2nd period - Shot by Dennis Seidenberg.
14:16 of 2nd period - Stopped by Cam Ward without a rebound.
14:17 of 2nd period - Pavel Datsyuk wins face-off versus David Krejci in Canadiens zone.
14:21 of 2nd period - Andy McDonald is hit by Zdeno Chara and loses puck.
15:37 of 2nd period - Shot by Patrice Bergeron.
15:37 of 2nd period - Stopped by Cam Ward without a rebound.
15:38 of 2nd period - Boyd Gordon wins face-off versus Chris Kelly in Canadiens zone.
16:08 of 2nd period - Shot by Jordan Eberle.
16:08 of 2nd period - Deflect By John Mitchell.
16:08 of 2nd period - Shot Misses the Net.
16:34 of 2nd period - Shot by Rich Peverley.
16:34 of 2nd period - Stopped by Cam Ward without a rebound.
16:35 of 2nd period - Brad Richards wins face-off versus Patrice Bergeron in Canadiens zone.
16:35 of 2nd period - Brad Richards is hit by Brad Marchand.
16:38 of 2nd period - Minor Penalty to Patrice Bergeron for Boarding.
16:39 of 2nd period - Jonathan Toews wins face-off versus Rich Peverley in Bruins zone.
17:04 of 2nd period - Shot by Jonathan Toews.
17:04 of 2nd period - Shot Misses the Net.
17:06 of 2nd period - Shot by Dennis Wideman.
17:06 of 2nd period - Shot Blocked by Zach Bogosian.
17:08 of 2nd period - Shot by Dustin Byfuglien.
17:08 of 2nd period - Shot Blocked by David Schlemko.
17:54 of 2nd period - David Schlemko is hit by Blake Wheeler.
18:05 of 2nd period - Icing by Pavel Datsyuk.
18:06 of 2nd period - Pavel Datsyuk wins face-off versus Chris Kelly in Canadiens zone.
18:24 of 2nd period - Off-side.
18:25 of 2nd period - Ryan Nugent-Hopkins wins face-off versus Pavel Datsyuk in neutral zone.
18:33 of 2nd period - Icing by Dennis Wideman.
18:34 of 2nd period - Chris Kelly wins face-off versus Pavel Datsyuk in Canadiens zone.
19:13 of 2nd period - Icing by Mason Raymond.
19:14 of 2nd period - Brad Richards wins face-off versus Patrice Bergeron in Canadiens zone.

3rd period


0:01 of 3rd period - Brad Marchand wins face-off versus Logan Couture in neutral zone.
0:01 of 3rd period - Brad Marchand is hit by Jordan Eberle.
0:05 of 3rd period - Travis Hamonic is hit by Patrice Bergeron and loses puck.
0:19 of 3rd period - Brad Marchand is hit by Logan Couture.
0:41 of 3rd period - Shot by Jonathan Toews.
0:41 of 3rd period - Deflect By Logan Couture.
0:41 of 3rd period - Shot Misses the Net.
0:43 of 3rd period - Shot by Jonathan Toews.
0:43 of 3rd period - Shot Misses the Net.
1:04 of 3rd period - Minor Penalty to Dustin Byfuglien for Delaying the game.
1:05 of 3rd period - Boyd Gordon wins face-off versus Ryan Nugent-Hopkins in Canadiens zone.
1:05 of 3rd period - Boyd Gordon is hit by Evander Kane.
1:18 of 3rd period - Shot by Cody Franson.
1:18 of 3rd period - Shot Misses the Net.
1:20 of 3rd period - Shot by Zdeno Chara.
1:20 of 3rd period - Stopped by Cam Ward with a rebound.
1:22 of 3rd period - Shot by Zdeno Chara.
1:22 of 3rd period - Stopped by Cam Ward without a rebound.
1:23 of 3rd period - Patrice Bergeron wins face-off versus Boyd Gordon in Canadiens zone.
1:45 of 3rd period - Shot by Cody Franson.
1:45 of 3rd period - Shot Misses the Net.
2:02 of 3rd period - Rich Peverley is hit by Boyd Gordon and loses puck.
2:56 of 3rd period - Shot by Zdeno Chara.
2:56 of 3rd period - Stopped by Cam Ward without a rebound.
2:57 of 3rd period - Ryan Nugent-Hopkins wins face-off versus Brad Richards in Canadiens zone.
3:06 of 3rd period - Shot by Zach Bogosian.
3:06 of 3rd period - Stopped by Cam Ward without a rebound.
3:07 of 3rd period - Chris Kelly wins face-off versus Brad Richards in Canadiens zone.
3:32 of 3rd period - Shot by Chris Kelly.
3:32 of 3rd period - Shot Misses the Net.
4:23 of 3rd period - Minor Penalty to Dennis Seidenberg for Holding.
4:24 of 3rd period - Jonathan Toews wins face-off versus Ryan Nugent-Hopkins in Bruins zone.
4:31 of 3rd period - Shot by Travis Hamonic.
4:31 of 3rd period - Shot Misses the Net.
4:33 of 3rd period - Shot by Alec Martinez.
4:33 of 3rd period - Stopped by Tuukka Rask with a rebound.
4:52 of 3rd period - Shot by Travis Hamonic.
4:52 of 3rd period - Shot Misses the Net.
4:54 of 3rd period - Shot by Jonathan Toews.
4:54 of 3rd period - Shot Blocked by Zdeno Chara.
4:56 of 3rd period - Shot by Travis Hamonic.
4:56 of 3rd period - Shot Blocked by Ryan Nugent-Hopkins.
5:22 of 3rd period - Shot by Dennis Wideman.
5:22 of 3rd period - Stopped by Tuukka Rask without a rebound.
5:23 of 3rd period - Pavel Datsyuk wins face-off versus Chris Kelly in Bruins zone.
5:24 of 3rd period - Shot by Andy McDonald.
5:24 of 3rd period - Stopped by Tuukka Rask without a rebound.
5:25 of 3rd period - Pavel Datsyuk wins face-off versus Chris Kelly in Bruins zone.
5:28 of 3rd period - Shot by Pavel Datsyuk.
5:28 of 3rd period - Shot Blocked by Zdeno Chara.
5:48 of 3rd period - Shot by Dustin Byfuglien.
5:48 of 3rd period - Stopped by Tuukka Rask with a rebound.
6:49 of 3rd period - Shot by David Krejci.
6:49 of 3rd period - Stopped by Cam Ward without a rebound.
6:50 of 3rd period - Jonathan Toews wins face-off versus Patrice Bergeron in Canadiens zone.
6:52 of 3rd period - Icing by Travis Hamonic.
6:53 of 3rd period - Patrice Bergeron wins face-off versus Jonathan Toews in Canadiens zone.
7:04 of 3rd period - Shot by Brad Marchand.
7:04 of 3rd period - Shot Misses the Net.
7:30 of 3rd period - Shot by Zdeno Chara.
7:30 of 3rd period - Stopped by Cam Ward without a rebound.
7:31 of 3rd period - Pavel Datsyuk wins face-off versus David Krejci in Canadiens zone.
7:35 of 3rd period - Andy McDonald is hit by Oliver Ekman-Larsson and loses puck.
7:37 of 3rd period - Minor Penalty to Dennis Seidenberg for Hooking.
7:38 of 3rd period - Chris Kelly wins face-off versus Pavel Datsyuk in Bruins zone.
7:43 of 3rd period - Shot by Dennis Wideman.
7:43 of 3rd period - Shot Misses the Net.
7:45 of 3rd period - Shot by Dennis Wideman.
7:45 of 3rd period - Stopped by Tuukka Rask with a rebound.
8:15 of 3rd period - Shot by Andy McDonald.
8:15 of 3rd period - Stopped by Tuukka Rask without a rebound.
8:16 of 3rd period - Ryan Nugent-Hopkins wins face-off versus Jonathan Toews in Bruins zone.
8:24 of 3rd period - Icing by Travis Hamonic.
8:25 of 3rd period - Chris Kelly wins face-off versus Jonathan Toews in Canadiens zone.
8:44 of 3rd period - Shot by Travis Hamonic.
8:44 of 3rd period - Stopped by Tuukka Rask without a rebound.
8:45 of 3rd period - Pavel Datsyuk wins face-off versus Brad Marchand in Bruins zone.
8:58 of 3rd period - Shot by Dennis Wideman.
8:58 of 3rd period - Shot Misses the Net.
9:15 of 3rd period - Shot by Dennis Wideman.
9:15 of 3rd period - Shot Misses the Net.
9:21 of 3rd period - Shot by Dennis Wideman.
9:21 of 3rd period - Stopped by Tuukka Rask with a rebound.
9:46 of 3rd period - David Krejci is hit by Derek Morris and loses puck.
9:53 of 3rd period - Shot by Evander Kane.
9:53 of 3rd period - Shot Blocked by Derek Morris.
9:55 of 3rd period - Shot by David Krejci.
9:55 of 3rd period - Stopped by Cam Ward without a rebound.
9:56 of 3rd period - Chris Kelly wins face-off versus Jonathan Toews in Canadiens zone.
10:04 of 3rd period - Minor Penalty to Alec Martinez for Interference.
10:05 of 3rd period - Boyd Gordon wins face-off versus Patrice Bergeron in Canadiens zone.
10:12 of 3rd period - Zach Bogosian is hit by Boyd Gordon and loses puck.
10:59 of 3rd period - Shot by Brad Richards.
10:59 of 3rd period - Stopped by Tuukka Rask with a rebound.
11:03 of 3rd period - Shot by Pavel Datsyuk.
11:03 of 3rd period - Deflect By Brad Richards.
11:03 of 3rd period - Stopped by Tuukka Rask with a rebound.
12:01 of 3rd period - Shot by Zdeno Chara.
12:01 of 3rd period - Shot Misses the Net.
12:08 of 3rd period - Icing by Travis Hamonic.
12:09 of 3rd period - Chris Kelly wins face-off versus Jonathan Toews in Canadiens zone.
12:15 of 3rd period - Minor Penalty to Chris Kelly for High sticking.
12:16 of 3rd period - Pavel Datsyuk wins face-off versus David Krejci in Bruins zone.
12:38 of 3rd period - Shot by Dennis Wideman.
12:38 of 3rd period - Stopped by Tuukka Rask without a rebound.
12:39 of 3rd period - David Krejci wins face-off versus Jonathan Toews in Bruins zone.
13:04 of 3rd period - Shot by Jonathan Toews.
13:04 of 3rd period - Shot Misses the Net.
13:06 of 3rd period - Shot by Travis Hamonic.
13:06 of 3rd period - Stopped by Tuukka Rask with a rebound.
13:08 of 3rd period - Shot by Logan Couture.
13:08 of 3rd period - Deflect By Jonathan Toews.
13:08 of 3rd period - Shot Misses the Net.
13:10 of 3rd period - Shot by Jonathan Toews.
13:10 of 3rd period - Stopped by Tuukka Rask without a rebound.
13:11 of 3rd period - David Krejci wins face-off versus Pavel Datsyuk in Bruins zone.
13:11 of 3rd period - David Krejci is hit by Pavel Datsyuk.
13:12 of 3rd period - David Krejci from Bruins is injured at 13:12 of 3rd period (Bruised Right Arm).
13:13 of 3rd period - Patrice Bergeron wins face-off versus Pavel Datsyuk in Bruins zone.
13:40 of 3rd period - Shot by Dustin Byfuglien.
13:40 of 3rd period - Stopped by Tuukka Rask without a rebound.
13:41 of 3rd period - Jonathan Toews wins face-off versus Patrice Bergeron in Bruins zone.
13:41 of 3rd period - Jonathan Toews is hit by David Schlemko.
14:30 of 3rd period - Milan Lucic is hit by Marc-Edouard Vlasic and loses puck.
14:37 of 3rd period - Shot by Evander Kane.
14:37 of 3rd period - Stopped by Cam Ward without a rebound.
14:38 of 3rd period - Chris Kelly wins face-off versus Blake Wheeler in Canadiens zone.
14:49 of 3rd period - Shot by Zdeno Chara.
14:49 of 3rd period - Shot Misses the Net.
14:51 of 3rd period - Shot by Chris Kelly.
14:51 of 3rd period - Shot Blocked by Kevin Klein.
14:53 of 3rd period - Shot by Chris Kelly.
14:53 of 3rd period - Stopped by Cam Ward without a rebound.
14:54 of 3rd period - Jonathan Toews wins face-off versus Rich Peverley in Canadiens zone.
16:19 of 3rd period - Shot by Pavel Datsyuk.
16:19 of 3rd period - Shot Blocked by Dennis Seidenberg.
16:41 of 3rd period - Shot by Mason Raymond.
16:41 of 3rd period - Stopped by Tuukka Rask with a rebound.
16:43 of 3rd period - Shot by Derek Morris.
16:43 of 3rd period - Goal by Derek Morris - Bruins : 1 - Canadiens : 3.
16:44 of 3rd period - Tyler Seguin wins face-off versus Brad Richards in neutral zone.
16:46 of 3rd period - Zdeno Chara is hit by Andrei Kostitsyn and loses puck.
16:50 of 3rd period - Off-side.
16:51 of 3rd period - Chris Kelly wins face-off versus Brad Richards in neutral zone.
17:06 of 3rd period - Marc-Edouard Vlasic is hit by Clarke MacArthur and loses puck.
17:25 of 3rd period - Off-side.
17:26 of 3rd period - Jonathan Toews wins face-off versus Ryan Nugent-Hopkins in neutral zone.
17:46 of 3rd period - Icing by Logan Couture.
17:47 of 3rd period - Jonathan Toews wins face-off versus Clarke MacArthur in Canadiens zone.
17:47 of 3rd period - Jonathan Toews is hit by Clarke MacArthur.
18:06 of 3rd period - Icing by Dustin Byfuglien.
18:07 of 3rd period - Ryan Nugent-Hopkins wins face-off versus Jonathan Toews in Canadiens zone.
18:22 of 3rd period - Shot by Ryan Nugent-Hopkins.
18:22 of 3rd period - Stopped by Cam Ward without a rebound.
18:23 of 3rd period - Chris Kelly wins face-off versus Pavel Datsyuk in Canadiens zone.
18:31 of 3rd period - Icing by Dennis Wideman.
18:32 of 3rd period - Patrice Bergeron wins face-off versus Pavel Datsyuk in Canadiens zone.
19:29 of 3rd period - Shot by Nathan Horton.
19:29 of 3rd period - Goal by Nathan Horton - Bruins : 2 - Canadiens : 3.
19:30 of 3rd period - Patrice Bergeron wins face-off versus Logan Couture in neutral zone.
19:33 of 3rd period - Bruins, Tuukka Rask is pulled from the net.
19:44 of 3rd period - Minor Penalty to Travis Hamonic for Holding Stick.
19:45 of 3rd period - Boyd Gordon wins face-off versus Ryan Nugent-Hopkins in Canadiens zone.
19:45 of 3rd period - Boyd Gordon is hit by Brad Marchand.


Output by the SimonT Hockey Simulator (STHS) for Stephane Roy -- Original Page W3C XHTML 1.0 Valid
Hockey Simulator - Hockey Simulation - Hockey Manager